AoeStats
← 一剑扫秋风nelson

Nomad

508399696Analyzed
3v3 RM · 9d ago on Sep 22, 2026· 42m 34s· 6 players
Game mode
Random Map
Map size
210×210
Population
200
Speed
Normal
Resources
Standard
Victory
Conquest
Starting age
Dark Age
Ending age
Imperial Age
RankedLock teamsTeams togetherTeam positionsShared explorationLock speedFull tech treeHidden civsTurbo modeCheats
Victory
Defeat
🇨🇳 Mapuche · China
1965
+4
🇳🇱 Malay · Netherlands
1943
+5
🇭🇰 Spanish · Hong Kong SAR China
1553
+17
🇨🇳 Romans · China
1701
-11
🇨🇳 Spanish · China
1620
-9
🇨🇳 Mongols · China
1531
-6
一剑扫秋风nelson
4:37 Loom
14:03 Feudal Age
15:28 Double-Bit Axe
18:23 Castle Age
17:41 Gold Mining
19:17 Bow Saw
19:00 Gold Mining
19:47 Fletching
21:14 Gold Shaft Mining
20:53 Bodkin Arrow
21:44 Padded Archer Armor
23:12 Leather Archer Armor
24:10 Ballistics
26:47 Wheelbarrow
26:06 Horse Collar
27:22 Heavy Plow
27:14 Stone Mining
34:44 Imperial Age
33:48 Malon
35:13 Elite Bolas Rider
36:38 Town Watch
37:48 Ring Archer Armor
38:47 Conscription
41:15 Chemistry
40:56 Hand Cart
41:16 Elite Skirmisher
mochichi4
4:58 Loom
12:55 Feudal Age
17:27 Castle Age
16:00 Double-Bit Axe
17:34 Gold Mining
19:28 Bow Saw
25:04 Bloodlines
25:06 Horse Collar
28:18 Husbandry
37:12 Wheelbarrow
39:29 Imperial Age
39:17 Scale Barding Armor
38:59 Light Cavalry
40:05 Forging
39:31 Cavalier
40:34 Chain Barding Armor
40:35 Conscription
39:48 Hussar
41:45 Iron Casting
42:08 Paladin
43:11 Heavy Plow
44:12 Two-Man Saw
CNZS_98T
12:26 Feudal Age
11:24 Loom
12:16 Double-Bit Axe
13:13 Loom
15:34 Fishing Lines
17:22 Wheelbarrow
21:23 Castle Age
20:23 Forging
20:06 Gold Mining
19:57 Horse Collar
21:06 Town Watch
21:33 Medium Warships
22:08 Gillnets
23:29 Gold Shaft Mining
23:26 Sanctity
23:31 Bow Saw
24:01 Redemption
26:56 Hand Cart
33:14 Imperial Age
32:17 Stone Mining
32:19 Fletching
33:07 Conscription
33:50 Chemistry
33:23 Block Printing
33:21 Heavy Plow
33:57 Stone Shaft Mining
32:53 Crossbowman
33:53 Bodkin Arrow
34:37 Ballistics
33:40 Arbalester
34:55 Thumb Ring
35:06 Bracer
35:42 Padded Archer Armor
36:50 Squires
36:35 Arson
37:06 Leather Archer Armor
37:31 Siege Engineers
38:38 Ring Archer Armor
38:48 Coinage
40:58 Banking
42:11 Iron Casting
42:41 Masonry
42:12 Treadmill Crane
43:36 Crop Rotation
_FJ_001
5:08 Loom
12:45 Feudal Age
16:13 Castle Age
15:26 Double-Bit Axe
21:46 Horse Collar
25:57 Padded Archer Armor
25:51 Gold Mining
27:51 Leather Archer Armor
30:02 Wheelbarrow
29:20 Stone Mining
33:19 Wheelbarrow
33:03 Bloodlines
32:54 Husbandry
34:21 Bow Saw
41:10 Imperial Age
38:59 Heavy Plow
39:40 Hand Cart
39:40 Elite Skirmisher
40:49 Fletching
42:33 Ring Archer Armor
42:00 Bodkin Arrow
02288
12:08 Feudal Age
13:16 Loom
16:45 Castle Age
15:17 Double-Bit Axe
17:14 Horse Collar
17:25 Fletching
17:56 Bow Saw
18:10 Heavy Plow
26:46 Ballistics
27:21 Bloodlines
28:49 Husbandry
29:55 Padded Archer Armor
31:13 Wheelbarrow
31:43 Leather Archer Armor
31:34 Bodkin Arrow
32:29 Leather Archer Armor
34:50 Hand Cart
36:22 Thumb Ring
36:18 Gold Mining
39:26 Imperial Age
37:45 Gold Shaft Mining
37:59 Elite Skirmisher
40:07 Bracer
41:09 Chemistry
40:37 Parthian Tactics
39:33 Elite Mangudai
_FJ_马爆哥
4:48 Loom
12:20 Feudal Age
16:05 Castle Age
14:07 Double-Bit Axe
15:07 Gold Mining
14:59 Horse Collar
16:42 Scale Barding Armor
17:13 Bow Saw
18:11 Forging
18:11 Husbandry
22:04 Wheelbarrow
22:45 Bloodlines
26:32 Chain Barding Armor
26:59 Hand Cart
33:08 Imperial Age
33:08 Cavalier
34:28 Plate Barding Armor
35:39 Iron Casting
35:25 Conscription
Connection lost

Rejoining the realm…

Still unreachable

The connection could not be restored.

Session expired

The server has moved on; the page needs a fresh start.